 Dungeon Crawl Stone Soup version 0.22.0-13-g43fe8f24b8 (webtiles) character file.

117789 Morrissey the Unseen (level 16, 0/81 HPs)
             Began as a Spriggan Enchanter on Aug 15, 2018.
             Was the Champion of Dithmenos.
             Slain by a vampire knight (19 damage)
             ... on level 15 of the Dungeon on Aug 16, 2018.
             The game lasted 01:28:53 (31354 turns).

Morrissey the Unseen (Spriggan Enchanter)          Turns: 31354, Time: 01:28:53

Health: 0/81       AC:  5    Str:  6    XL:     16   Next: 24%
Magic:  11/30      EV: 31    Int: 22    God:    Dithmenos [******]
Gold:   1781       SH:  0    Dex: 18    Spells: 18/34 levels left

rFire    . . .     SeeInvis +   a - +0 dagger (elec)
rCold    + . .     Gourm    .   (shield restricted)
rNeg     . . .     Faith    .   C - +2 robe {rC+}
rPois    +         Spirit   .   Q - +0 hat
rElec    .         Reflect  .   V - scarf {repulsion}
rCorr    .         Harm     .   (gloves unavailable)
MR       ++...                  (boots unavailable)
Stlth    ++++++++++             (no amulet)
HPRegen  0.23/turn              B - ring of stealth
MPRegen  0.22/turn              (no ring)

@: wreathed by umbra, repel missiles, very quick
A: very small, unfitting armour, see invisible, herbivore, speed 3, poison
resistance, shaggy fur 1, slow metabolism 2, strong 1
a: Shadow Step, Shadow Form, Renounce Religion


You were on level 15 of the Dungeon.
You worshipped Dithmenos.
Dithmenos was exalted by your worship.
You were not hungry.

You visited 6 branches of the dungeon, and saw 26 of its levels.

You collected 1781 gold pieces.

Inventory:

Hand Weapons
 a - a +0 dagger of electrocution (weapon)
 b - a +0 demon blade of venom
 x - the +6 hand crossbow "Beetlebane" {penet, rElec Str-3 Int+3 Stlth+}
   (You found it on level 8 of the Dungeon)

   Ammo fired by it will pass through the targets it hits, potentially hitting
   all targets in its path until it reaches maximum range.
   It affects your strength (-3).
   It affects your intelligence (+3).
   It insulates you from electricity.
   It makes you more stealthy.
Missiles
 N - 272 bolts
Armour
 C - a +2 robe of cold resistance (worn)
 H - quicksilver dragon scales
 Q - a +0 hat (worn)
 V - a scarf of repulsion (worn)
Magical Staves
 I - an uncursed staff of earth
 S - an uncursed staff of cold
Jewellery
 s - the amulet of the Leaf {Reflect Dex+2 Slay+3 SH+2, unknown}
   (You took it off a centaur warrior on level 15 of the Dungeon)

   [amulet of reflection]

   It shields you and reflects attacks.
   It affects your dexterity (+2).
   It affects your accuracy and damage with ranged weapons and melee attacks
   (+3).
   It affects your SH (+2).
 B - a ring of stealth (left hand)
 U - an uncursed ring of flight
 W - an uncursed ring of ice
 Y - an uncursed ring of fire
Wands
 e - a wand of disintegration (11)
 o - a wand of iceblast (14)
 w - a wand of paralysis (14)
 A - a wand of digging (27)
 D - a wand of flame (89)
 F - a wand of polymorph (44)
 R - a wand of enslavement (36)
 X - a wand of acid (10)
Scrolls
 c - 4 scrolls of fog
 i - 8 scrolls of amnesia
 j - 2 scrolls of blinking {unknown}
 n - 4 scrolls of enchant weapon
 p - 12 scrolls of teleportation
 t - 7 scrolls of noise {unknown}
 y - 6 scrolls of remove curse
 z - 5 scrolls of fear {unknown}
 G - a scroll of vulnerability {unknown}
 K - 3 scrolls of magic mapping
 L - 2 scrolls of summoning {unknown}
 M - 2 scrolls of enchant armour {unknown}
 P - 3 scrolls of random uselessness {unknown}
Potions
 f - a potion of might
 h - a potion of resistance
 k - 13 potions of curing
 l - 3 potions of flight
 m - 3 potions of haste
 q - 5 potions of heal wounds
 r - 6 potions of ambrosia
 u - 2 potions of invisibility
 v - 5 potions of mutation
 E - 2 potions of berserk rage
 J - 2 potions of magic
 O - 3 potions of agility
 T - 4 potions of brilliance
Comestibles
 d - 39 rations


   Skills:
 - Level 8.0 Fighting
 - Level 10.0(11.3) Short Blades
 - Level 6.8(8.4) Long Blades
 - Level 10.2 Crossbows
 - Level 15.0 Dodging
 + Level 20.7 Stealth
 - Level 9.7 Spellcasting
 - Level 7.6 Hexes
 - Level 6.7 Air Magic
 - Level 10.0 Invocations


You had 18 spell levels left.
You knew the following spells:

 Your Spells              Type           Power        Failure   Level  Hunger
a - Corona                Hex            #####..      1%          1    None
b - Ensorcelled Hibernat  Hex/Ice        ####..       1%          2    None
c - Confuse               Hex            #####...     1%          3    None
d - Dazzling Spray        Conj/Hex       ####..       4%          3    None
e - Airstrike             Air            #####.....   4%          4    ##.....
f - Tukima's Dance        Hex            #####...     1%          3    None

Your spell library contained the following spells:

 Spells                   Type           Power        Failure   Level  Hunger
 Magic Dart               Conj           ##..         6%          1    None
 Fireball                 Conj/Fire      ##........   86%         5    ####...
 Conjure Flame            Conj/Fire      ##......     19%         3    None
 Lightning Bolt           Conj/Air       ####......   41%         5    ####...
 Bolt of Magma            Conj/Fire/Erth ##........   86%         5    ####...
 Slow                     Hex            #####...     1%          2    None
 Throw Flame              Conj/Fire      ##....       10%         2    None
 Throw Frost              Conj/Ice       ##....       10%         2    None
 Freezing Cloud           Conj/Ice/Air   ###.......   98%         6    ######.
 Mephitic Cloud           Conj/Pois/Air  ###.....     8%          3    None
 Ring of Flames           Chrm/Fire      ##........   100%        7    #######
 Venom Bolt               Conj/Pois      ##........   86%         5    ####...
 Blink                    Tloc           N/A          10%         2    None
 Freeze                   Ice            ##..         6%          1    None
 Sticky Flame             Conj/Fire      ##......     52%         4    ##.....
 Summon Ice Beast         Ice/Summ       ##......     52%         4    ##.....
 Ozocubu's Armour         Chrm/Ice       ##......     19%         3    None
 Call Imp                 Summ           ##......     10%         2    None
 Iron Shot                Conj/Erth      ##........   100%        6    ######.
 Stone Arrow              Conj/Erth      ##....       19%         3    None
 Shock                    Conj/Air       ####         1%          1    None
 Swiftness                Chrm/Air       ####....     2%          2    None
 Throw Icicle             Conj/Ice       ##......     52%         4    ##.....
 Flame Tongue             Conj/Fire      ##...        6%          1    None
 Passwall                 Tmut/Erth      ##......     10%         2    None
 Static Discharge         Conj/Air       ####....     4%          3    None
 Orb of Destruction       Conj           ##........   100%        7    #######
 Inner Flame              Hex/Fire       ####....     4%          3    None
 Iskenderun's Battlesphe  Conj/Chrm      ##......     86%         5    ####...
 Spellforged Servitor     Conj/Summ      ##........   100%        7    #######
 Poisonous Vapours        Pois/Air       ####..       2%          2    None
 Borgnjor's Vile Clutch   Necr/Erth      ##........   86%         5    ####...


Dungeon Overview and Level Annotations

Branches:
Dungeon (15/15)            Temple (1/1) D:6            Lair (6/6) D:11
 Shoals (1/4) Lair:2       Spider (2/4) Lair:3        Slime (0/5) Lair:5
    Orc (0/2) D:10         Vaults (0/5) D:14         Depths (1/5) D:15

Altars:
Ashenzari
Cheibriados
Dithmenos
Elyvilon
Fedhas
Gozag
Hepliaklqana
Kikubaaqudgha
Makhleb
Nemelex Xobeh
Okawaru
Qazlal
Ru
Sif Muna
Trog
Uskayaw
Vehumet
Wu Jian
Xom
Yredelemnul
Zin
The Shining One
Jiyva

Shops:
D:5 *   D:6 [

Annotations:
D:6 2 transporters, Anaz's ghost, novice HuSk
D:9 1 runed door
D:11 2 transporters
Lair:5 1 runed door, exclusion: 3 oklob plants


Innate Abilities, Weirdness & Mutations

You are very small and have problems with some larger weapons.
You are too small for most types of armour.
You have supernaturally acute eyesight. (SInv)
You are a herbivore.
You cover ground extremely quickly.
You need to consume almost no food.
Your system is resistant to poisons. (rPois)
You are covered in fur. (AC +1)
Your muscles are strong. (Str +2)


Message History

The vampire knight is moderately damaged.
Your shadow mimicks your spell!
The shadow shard hits the vampire knight.
* * * LOW MAGIC WARNING * * *
The vampire knight completely misses you.
The vampire knight bites you!
* * * LOW HITPOINT WARNING * * *
The vampire knight draws strength from your injuries!
The vampire knight completely misses you.
The vampire knight bites you!
* * * LOW HITPOINT WARNING * * *
The vampire knight draws strength from your injuries!
The vampire knight gestures at you while chanting.
You resist with almost no effort.
You climb upwards.
Welcome back to the Dungeon!
There is a staircase to the Depths here.
Unknown command.
There is an escape hatch in the ceiling here.
The vampire knight hits you!!
You die...

#≈≈..#.##..'#.#'...#().
##≈....§§.'#..)..).#.).
#≈≈§§.§§.##.['......##.
##≈§≈≈§§≈###'="<.......
########≈##.....#'#'##
##########≈.....###.#.#
#.......##≈.....'#.....
#....V..##≈.##.(#).⌠P..
##..<.@.##≈...#.+#.P8P.
#......##≈...#.#...P⌠.
##..#..##≈.....##.....
#......##§≈≈≈≈≈##.#.#.
##.#.#.###########'#'#
#.....####.#####.#.#.
##..#..##......#......
##......##..#..#'#..#..
#...#.#.#..#.#..#..###.


You could see a vampire knight.

Vanquished Creatures
  Rupert (D:15)
  A fire giant (D:15)
  A ghost moth (Spider:2)
  A vampire knight (Depths:1)
  Nessos (D:13)
  An ettin (D:15)
  3 fire dragons
  Fannar (Lair:2)
  A great orb of eyes (D:15)
  2 yaktaur captains (D:15)
  2 ice dragons
  A rakshasa (D:15)
  10 hydras
  2 vault guards (D:14)
  2 catoblepae
  9 centaur warriors
  3 two-headed ogres
  2 tengu warriors (D:13)
  Urug (Lair:5)
  A deep troll earth mage (D:15)
  A flayed ghost (D:15)
  8 skeletal warriors
  7 unseen horrors
  A deep elf archer (D:15)
  A lindwurm (Lair:6)
  3 deep trolls
  2 phantasmal warriors (Depths:1)
  3 wolf spider zombies
  An orc knight (D:15)
  4 wizards
  A necromancer (D:14)
  A salamander (Depths:1)
  An orb spider (Lair:3)
  A wolf spider (D:15)
  3 deep elf magi
  2 cyclopes
  11 ugly things
  2 manticores
  A centaur zombie (D:11)
  A guardian serpent (shapeshifter) (D:15)
  A torpor snail (Lair:4)
  5 black mambas
  5 elephants (Lair:5)
  2 water nymphs (Shoals:1)
  8 spiny frogs
  3 molten gargoyles (Lair:6)
  2 gargoyles
  A torpor snail (shapeshifter) (D:15)
  3 efreet (D:15)
  2 kobold demonologists
  12 komodo dragons
  A freezing wraith (D:15)
  3 rime drakes
  7 yaktaurs
  2 demonic crawlers (Spider:1)
  A tengu conjurer (D:15)
  7 trolls
  A jumping spider (Spider:1)
  A merfolk (Shoals:1)
  A queen bee (D:11)
  6 hornets
  15 blink frogs
  A raiju (shapeshifter) (D:15)
  7 dream sheep (Lair:5)
  15 slime creatures
  4 shadows (D:15)
  6 hippogriffs
  5 redbacks (Spider:1)
  5 wyverns
  A centaur simulacrum (D:15)
  55 yaks
  4 wraiths
  2 tarantellas (Spider:1)
  A vampire (D:10)
  19 humans (D:14)
  3 basilisks
  A steam dragon (Lair:6)
  Menkaure (D:6)
  5 vampire mosquitoes
  2 hungry ghosts
  3 soldier ants
  5 acid dragons
  10 water moccasins
  3 porcupines
  3 hell hounds (Lair:6)
  7 orc warriors
  A hornet zombie (D:9)
  7 ice beasts
  2 sky beasts (D:15)
  2 black bears
  3 necrophages
  An eye of draining (D:15)
  11 wolves
  25 centaurs
  6 ogres
  3 phantoms
  A boggart (D:15)
  A centaur (shapeshifter) (D:14)
  14 crocodiles
  2 big kobolds
  23 bullfrogs
  2 wyvern zombies
  A wyvern skeleton (D:9)
  3 scorpions
  22 killer bees
  5 wights (D:6)
  5 howler monkeys
  10 crimson imps
  5 lava snakes (Lair:6)
  A quasit (D:10)
  6 hounds
  4 jellies
  8 orc priests
  12 centaur skeletons
  2 bullfrog zombies
  2 bullfrog skeletons (D:8)
  3 iguanas
  Jessica (D:2)
  11 worker ants
  13 orc wizards
  A hell rat (D:11)
  2 hound skeletons
  A howler monkey zombie (D:7)
  A worker ant zombie (D:5)
  A howler monkey skeleton (D:10)
  15 gnolls
  A river rat (D:11)
  11 adders
  7 shadow imps
  An ooze (D:4)
  An adder zombie (D:5)
  2 adder skeletons
  2 worms (D:2)
  2 dart slugs (D:3)
  7 leopard geckos
  38 orcs
  5 ball pythons
  11 bats
  6 giant cockroaches
  17 goblins
  17 hobgoblins
  8 jackals (D:2)
  30 kobolds
  6 quokkas
  8 frilled lizards
  2 leopard gecko zombies (D:8)
  7 rats
786 creatures vanquished.

Vanquished Creatures (collateral kills)
  A death knight (D:15)
1 creature vanquished.

Vanquished Creatures (others)
  A dancing weapon (D:15)
  A quokka (D:14)
  4 fungi
  9 plants
15 creatures vanquished.

Grand Total: 802 creatures vanquished

Notes
Turn   | Place    | Note
-------+----------+-------------------------------------------
     0 | D:1      | Morrissey the Spriggan Enchanter began the quest for the Orb.
     0 | D:1      | Reached XP level 1. HP: 9/9 MP: 5/5
   232 | D:1      | Reached XP level 2. HP: 10/13 MP: 6/6
   501 | D:1      | Learned a level 2 spell: Ensorcelled Hibernation
   574 | D:1      | Reached skill level 5 in Stealth
  1061 | D:2      | Noticed Jessica
  1079 | D:2      | Reached XP level 3. HP: 8/16 MP: 8/8
  1083 | D:2      | Killed Jessica
  1428 | D:2      | Reached XP level 4. HP: 9/21 MP: 0/9
  2181 | D:2      | Learned a level 3 spell: Confuse
  2185 | D:2      | Learned a level 3 spell: Dazzling Spray
  2260 | D:2      | Reached skill level 6 in Stealth
  3010 | D:3      | Reached XP level 5. HP: 24/24 MP: 11/11
  3449 | D:3      | HP: 1/24 [orc priest/divine providence (13)]
  3824 | D:3      | Found a glowing golden altar of the Shining One.
  4274 | D:3      | Reached skill level 7 in Stealth
  4312 | D:3      | Reached XP level 6. HP: 17/28 MP: 13/13
  4633 | D:4      | Reached skill level 5 in Dodging
  5008 | D:4      | Found an iron altar of Okawaru.
  5430 | D:5      | Entered Level 5 of the Dungeon
  5439 | D:5      | Reached skill level 8 in Stealth
  5439 | D:5      | Reached XP level 7. HP: 32/32 MP: 11/14
  5531 | D:5      | Reached skill level 5 in Hexes
  5701 | D:5      | Found a basalt altar of Yredelemnul.
  5776 | D:5      | Reached skill level 5 in Spellcasting
  6324 | D:5      | Found Feb Tiuti's General Store.
  6376 | D:5      | Reached XP level 8. HP: 36/36 MP: 10/17
  6817 | D:5      | Found a deep blue altar of Sif Muna.
  7045 | D:5      | Reached skill level 5 in Short Blades
  7668 | D:6      | Found Xyisotw Xato's Armour Emporium.
  7695 | D:6      | Noticed Menkaure
  7716 | D:6      | Killed Menkaure
  7770 | D:6      | Noticed Anaz's ghost (novice HuSk)
  7781 | D:6      | Found a transporter.
  7837 | D:6      | Found a transporter.
  7880 | D:6      | Found a staircase to the Ecumenical Temple.
  7887 | Temple   | Entered the Ecumenical Temple
  8089 | Temple   | Became a worshipper of Dithmenos the Shadowed
  8351 | D:7      | Reached XP level 9. HP: 29/39 MP: 15/18
  8357 | D:7      | Got an ancient long sword
  8360 | D:7      | Reached skill level 9 in Stealth
  8362 | D:7      | Identified the +7 long sword of Cimmoi {slice, rC+} (You found it on level 7 of the Dungeon)
  8868 | D:7      | Found a bloodstained altar of Trog.
  8868 | D:7      | Found a radiant altar of Vehumet.
  8868 | D:7      | Found a sparkling altar of Nemelex Xobeh.
  9567 | D:8      | Reached skill level 10 in Stealth
  9569 | D:8      | Noticed a deep elf mage
  9594 | D:8      | Killed a deep elf mage
  9594 | D:8      | Reached skill level 10 in Dodging
  9615 | D:8      | Reached * piety under Dithmenos
  9730 | D:8      | Found a burning altar of Makhleb.
  9876 | D:8      | Found a stormy altar of Qazlal.
  9921 | D:8      | Noticed a kobold demonologist
  9925 | D:8      | Killed a kobold demonologist
  9925 | D:8      | Reached XP level 10. HP: 44/44 MP: 14/22
  9933 | D:8      | Identified Sif Muna's Reference Book on Earth
  9942 | D:8      | Got a warped hand crossbow
  9945 | D:8      | Identified the +6 hand crossbow "Beetlebane" {penet, rElec Str-3 Int+3 Stlth+} (You found it on level 8 of the Dungeon)
 10169 | D:8      | Found a hazy altar of Hepliaklqana.
 10476 | D:9      | Found a glowing golden altar of the Shining One.
 10476 | D:9      | Noticed an angel
 10710 | D:9      | Noticed a cyclops
 10727 | D:9      | Found a runed door.
 11007 | D:9      | Found an ornate altar of the Wu Jian Council.
 11412 | D:9      | Reached ** piety under Dithmenos
 11545 | D:9      | Noticed a two-headed ogre
 11552 | D:9      | Killed a two-headed ogre
 11619 | D:10     | Entered Level 10 of the Dungeon
 11667 | D:10     | Reached skill level 11 in Stealth
 11679 | D:10     | Reached skill level 10 in Short Blades
 11732 | D:10     | Reached skill level 12 in Stealth
 11917 | D:10     | Found a staircase to the Orcish Mines.
 12216 | D:10     | Reached skill level 13 in Stealth
 12216 | D:10     | Reached XP level 11. HP: 47/47 MP: 21/25
 12603 | D:10     | Noticed an unseen horror
 12610 | D:10     | Killed an unseen horror
 12610 | D:10     | Reached skill level 14 in Stealth
 12902 | D:11     | Found a staircase to the Lair.
 12902 | D:11     | Noticed a death yak
 12904 | D:11     | Noticed a death yak
 12908 | D:11     | Noticed a death yak
 12945 | D:10     | Reached *** piety under Dithmenos
 13230 | D:11     | Reached skill level 15 in Stealth
 13243 | D:11     | Reached skill level 1 in Fighting
 13308 | D:11     | Found a transporter.
 13339 | D:11     | Found a transporter.
 13368 | D:11     | Noticed a two-headed ogre
 13374 | D:11     | Killed a two-headed ogre
 13673 | Lair:1   | Entered Level 1 of the Lair of Beasts
 13870 | Lair:1   | Reached skill level 5 in Fighting
 14505 | Lair:2   | Noticed Fannar
 14512 | Lair:2   | Killed Fannar
 14551 | Lair:2   | Noticed a five-headed hydra
 14582 | Lair:2   | Killed a five-headed hydra
 14689 | Lair:2   | Reached XP level 12. HP: 63/63 MP: 16/26
 14749 | Lair:2   | Reached **** piety under Dithmenos
 14790 | Lair:2   | Found a staircase to the Shoals.
 14893 | Lair:2   | Learned a level 4 spell: Airstrike
 15078 | Lair:2   | Reached skill level 1 in Air Magic
 15124 | Lair:2   | Noticed a five-headed hydra
 15161 | Lair:2   | Killed a five-headed hydra
 15243 | Lair:2   | Noticed a seven-headed hydra
 15250 | Lair:2   | Killed a seven-headed hydra
 15545 | Lair:3   | Noticed a five-headed hydra
 15552 | Lair:3   | Killed a five-headed hydra
 15552 | Lair:3   | Reached skill level 5 in Air Magic
 15608 | Lair:3   | Found a hole to the Spider Nest.
 16413 | Lair:4   | Found a snail-covered altar of Cheibriados.
 16613 | Lair:4   | Noticed an eight-headed hydra
 16665 | Lair:4   | Killed an eight-headed hydra
 16924 | Lair:4   | Noticed a five-headed hydra
 17333 | Lair:4   | Killed a five-headed hydra
 17576 | Lair:5   | Noticed a catoblepas
 17583 | Lair:5   | Killed a catoblepas
 17583 | Lair:5   | Reached skill level 16 in Stealth
 17688 | Lair:5   | Noticed a seven-headed hydra
 17697 | Lair:5   | Killed a seven-headed hydra
 17697 | Lair:5   | Reached XP level 13. HP: 68/68 MP: 27/27
 17698 | Lair:5   | Noticed Urug
 17888 | Lair:5   | Reached ***** piety under Dithmenos
 17998 | Lair:5   | Found a runed door.
 17998 | Lair:5   | Found a viscous altar of Jiyva.
 17999 | Lair:5   | Noticed an azure jelly
 18008 | Lair:5   | Found a staircase to the Slime Pits.
 18008 | Lair:5   | Noticed an azure jelly
 18008 | Lair:5   | Noticed an azure jelly
 18063 | Lair:5   | Killed Urug
 18373 | Lair:6   | Entered Level 6 of the Lair of Beasts
 18598 | Lair:6   | Reached skill level 15 in Dodging
 18641 | Lair:5   | Reached skill level 1 in Crossbows
 19349 | Lair:6   | Reached skill level 5 in Crossbows
 19802 | Lair:6   | Found a large runed door.
 19802 | Lair:6   | Found a large runed door.
 20000 | Lair:6   | Noticed a fire dragon
 20165 | Lair:6   | Reached XP level 14. HP: 73/73 MP: 11/28
 20682 | Lair:1   | You fall through a shaft!
 20939 | D:11     | Reached ****** piety under Dithmenos
 22058 | D:12     | Reached skill level 10 in Crossbows
 22441 | D:13     | Upgraded the game from 0.22.0-6-g71bd7aa6b3 to 0.22.0-13-g43fe8f24b8
 22455 | D:13     | Reached skill level 1 in Invocations
 22658 | D:13     | Noticed Nessos
 22661 | D:13     | Killed Nessos
 23185 | D:13     | Reached skill level 5 in Invocations
 23317 | D:13     | Gained mutation: You are dopey. (Int -2) [a neqoxec]
 23357 | D:13     | Lost mutation: You are dopey. (Int -2) [potion of mutation]
 23357 | D:13     | Gained mutation: Your system is resistant to poisons. (rPois) [potion of mutation]
 23357 | D:13     | Gained mutation: You are covered in fur. (AC +1) [potion of mutation]
 23357 | D:13     | Gained mutation: Your muscles are strong. (Str +2) [potion of mutation]
 24175 | D:14     | Found a white marble altar of Elyvilon.
 25302 | D:14     | Reached XP level 15. HP: 57/77 MP: 27/29
 25330 | D:14     | Found a gate to the Vaults.
 25563 | D:14     | Reached skill level 10 in Invocations
 25773 | D:15     | Entered Level 15 of the Dungeon
 25781 | D:15     | Reached skill level 1 in Long Blades
 25841 | D:15     | Noticed Rupert
 25848 | D:15     | Killed Rupert
 26100 | D:15     | Found a shattered altar of Ashenzari.
 26101 | D:15     | Found a blossoming altar of Fedhas.
 26101 | D:15     | Found a snail-covered altar of Cheibriados.
 26558 | Spider:1 | Entered Level 1 of the Spider Nest
 26895 | Spider:1 | Reached skill level 5 in Long Blades
 26917 | Spider:2 | Noticed a ghost moth
 26924 | Spider:2 | Killed a ghost moth
 27028 | Shoals:1 | Entered Level 1 of the Shoals
 27446 | Lair:2   | Learned a level 3 spell: Tukima's Dance
 28448 | D:15     | Reached skill level 17 in Stealth
 28562 | D:15     | Noticed a fire giant
 28949 | D:15     | Reached skill level 18 in Stealth
 28995 | D:15     | Got a glittering graven amulet
 29254 | D:15     | Killed a fire giant
 29431 | D:15     | Reached skill level 19 in Stealth
 29792 | D:15     | Reached XP level 16. HP: 81/81 MP: 28/30
 30316 | D:15     | Found a staircase to the Depths.
 30386 | Depths:1 | Entered Level 1 of the Depths
 30400 | Depths:1 | Reached skill level 20 in Stealth
 30913 | Depths:1 | Noticed a tengu reaver
 31354 | D:15     | Slain by a vampire knight

Skill      XL: |  1  2  3  4  5  6  7  8  9 10 11 12 13 14 15 16 |
---------------+-------------------------------------------------+-----
Stealth        | 5 6 7 8 10 13 15 16 19 20 | 20.7
Spellcasting   | 3 4 5 7 9 |  9.7
Hexes          | 4 5 7 |  7.6
Dodging        | 4 5 6 8 10 12 15 | 15.0
Short Blades   | 2 3 4 6 8 10 | 10.0
Fighting       | 7 8 |  8.0
Air Magic      | 6 |  6.7
Crossbows      | 8 10 | 10.2
Invocations    | 9 10 | 10.0
Long Blades    | 6 |  6.8

Action                   |  1- 3 |  4- 6 |  7- 9 | 10-12 | 13-15 | 16-18 || total
-------------------------+-------+-------+-------+-------+-------+-------++-------
Melee: Dagger            |   112 |   292 |   271 |   294 |   885 |    75 ||  1929
       Long sword        |       |       |    19 |       |       |       ||    19
       Rapier            |       |       |       |     6 |       |       ||     6
       Demon blade       |       |       |       |       |    98 |    37 ||   135
 Fire: Hand crossbow     |       |       |       |       |    76 |       ||    76
 Cast: Ensorcelled Hiber |     4 |    25 |    57 |   137 |   251 |     9 ||   483
       Confuse           |       |     2 |    19 |    45 |   104 |    17 ||   187
       Dazzling Spray    |       |       |     1 |    19 |    25 |    14 ||    59
       Airstrike         |       |       |       |       |    17 |     1 ||    18
       Tukima's Dance    |       |       |       |       |    12 |     4 ||    16
Invok: Shadow Step       |       |       |       |       |     3 |       ||     3
Evoke: Wand              |       |       |       |       |       |     1 ||     1
  Use: Scroll            |     3 |     1 |     1 |    14 |     8 |       ||    27
       Potion            |       |       |       |       |     1 |       ||     1
 Stab: Sleeping          |     8 |    30 |    68 |   125 |   222 |    19 ||   472
       Distracted        |       |     4 |       |     3 |    11 |       ||    18
       Confused          |       |       |    12 |    12 |    61 |     4 ||    89
       Invisible         |       |       |       |     3 |     5 |     1 ||     9
  Eat: Ration            |       |     2 |     3 |     3 |     7 |     1 ||    16
Armor: Robe              |    14 |    14 |     7 |     4 |    34 |     3 ||    76
Dodge: Dodged            |    95 |   230 |   198 |   219 |   843 |   100 ||  1685
       Deflected         |       |       |       |       |    12 |     4 ||    16
       Rpst.: Long sword |       |       |     9 |       |       |       ||     9
       Demon blade       |       |       |       |       |    32 |     5 ||    37
